[ AOE2 MATCH · #505210619 ]
UnrankedCelts vs Saracens
Player's team · LOSS
Rival team · WIN
[ REPLAY ANALYSIS · EXTRACTED FROM THE RECORDED GAME ]
Feudal
11:55
Castle
24:01
Imperial
—
| APM avg | 52.8 |
| APM peak | 87 |
| eAPM avg | 28.5 |
| Villagers / military | 80 / 116 |
Focus
⚔️ 43.3% · 🌾 56.7%
Archer ×111 · Militia ×3 · Mangonel ×2
Feudal
8:30
Castle
21:11
Imperial
—
| APM avg | 54.8 |
| APM peak | 84 |
| eAPM avg | 28.4 |
| Villagers / military | 104 / 125 |
Focus
⚔️ 48.0% · 🌾 52.0%
Archer ×114 · Skirmisher ×6 · Mangonel ×5
Match map
Initial resources + every placement click. Lines = walls · curves = elevation contours. ◆ gold · ⬟ stone · ● berries · ✦ relic · ◌ wall gap
Your base· ✓ Closed at 24:01 · 59t walls · 1 gate(s)
chanchanvn's base· ✓ Closed at 21:11 · 47t walls · 3 gate(s)
Smoothed initial terrain · ◌ = detected wall gap · hover for details
Inputs per minute
— [DGLOS] DyouDi - - chanchanvn
Build order — [DGLOS] DyouDi
First 150 of 291 actions detected
| 0:00 | Create | Villager (Male) |
| 0:00 | Create | Villager (Male) |
| 0:02 | Build | House |
| 0:02 | Build | House |
| 0:04 | Create | Villager (Male) |
| 0:04 | Create | Villager (Male) |
| 1:24 | Create | Villager (Male) |
| 1:58 | Create | Villager (Male) |
| 2:14 | Create | Villager (Male) |
| 2:21 | Build | Lumber Camp |
| 2:32 | Create | Villager (Male) |
| 2:42 | Build | House |
| 2:43 | Build | House |
| 3:17 | Create | Villager (Male) |
| 3:17 | Create | Villager (Male) |
| 3:54 | Create | Villager (Male) |
| 3:54 | Create | Villager (Male) |
| 3:55 | Create | Villager (Male) |
| 4:28 | Create | Villager (Male) |
| 4:41 | Create | Villager (Male) |
| 5:14 | Build | Barracks |
| 5:50 | Create | Villager (Male) |
| 6:10 | Create | Villager (Male) |
| 6:22 | Create | Villager (Male) |
| 6:24 | Build | Mill |
| 6:52 | Build | House |
| 6:57 | Create | Villager (Male) |
| 7:02 | Create | Militia |
| 7:02 | Create | Militia |
| 7:03 | Create | Villager (Male) |
| 7:26 | Create | Militia |
| 7:31 | Build | House |
| 7:45 | Create | Villager (Male) |
| 7:58 | Create | Villager (Male) |
| 8:03 | Build | Mining Camp |
| 8:41 | Build | House |
| 8:42 | Build | Palisade Wall |
| 8:44 | Build | Palisade Wall |
| 8:45 | Build | Palisade Wall |
| 8:51 | Create | Villager (Male) |
| 8:53 | Research | Loom |
| 9:05 | Build | Palisade Wall |
| 9:06 | Build | Palisade Wall |
| 9:07 | Build | Palisade Wall |
| 9:24 | Build | Farm |
| 9:25 | Build | Farm |
| 9:37 | Build | Palisade Wall |
| 9:45 | Research | Feudal Age |
| 9:50 | Build | Palisade Wall |
| 9:51 | Build | Palisade Wall |
| 10:00 | Build | Farm |
| 10:04 | Build | Farm |
| 10:24 | Build | Palisade Wall |
| 10:26 | Build | Palisade Wall |
| 10:37 | Create | Villager (Male) |
| 11:55 | Age | Feudal Age |
| 11:58 | Build | Archery Range |
| 11:59 | Build | Archery Range |
| 12:05 | Create | Villager (Male) |
| 12:21 | Research | Double-Bit Axe |
| 12:43 | Create | Villager (Male) |
| 12:47 | Build | Blacksmith |
| 12:50 | Create | Archer |
| 12:57 | Create | Villager (Male) |
| 12:57 | Create | Archer |
| 13:08 | Create | Archer |
| 13:14 | Research | Horse Collar |
| 13:19 | Create | Villager (Male) |
| 13:31 | Research | Fletching |
| 13:32 | Create | Villager (Male) |
| 13:33 | Create | Archer |
| 13:38 | Build | Lumber Camp |
| 13:45 | Create | Archer |
| 13:58 | Create | Archer |
| 14:10 | Research | Padded Archer Armor |
| 14:25 | Create | Archer |
| 14:27 | Create | Villager (Male) |
| 14:29 | Build | Farm |
| 14:49 | Create | Archer |
| 14:52 | Create | Villager (Male) |
| 14:52 | Create | Villager (Male) |
| 14:54 | Build | Farm |
| 14:56 | Build | Farm |
| 14:59 | Create | Archer |
| 15:04 | Build | House |
| 15:25 | Create | Archer |
| 15:26 | Create | Villager (Male) |
| 15:26 | Create | Villager (Male) |
| 15:28 | Build | House |
| 15:29 | Build | House |
| 15:35 | Create | Archer |
| 15:39 | Build | Farm |
| 15:40 | Build | Farm |
| 15:59 | Create | Archer |
| 16:02 | Create | Villager (Male) |
| 16:21 | Create | Archer |
| 16:21 | Create | Archer |
| 16:35 | Create | Villager (Male) |
| 16:35 | Create | Villager (Male) |
| 16:37 | Build | Farm |
| 16:37 | Build | Farm |
| 16:38 | Build | Farm |
| 16:58 | Create | Archer |
| 17:07 | Build | Lumber Camp |
| 17:21 | Create | Archer |
| 17:31 | Create | Villager (Male) |
| 17:41 | Create | Archer |
| 17:42 | Create | Archer |
| 18:03 | Build | Market |
| 18:05 | Create | Villager (Male) |
| 18:10 | Build | Palisade Gate |
| 18:30 | Create | Archer |
| 18:31 | Create | Archer |
| 18:35 | Create | Villager (Male) |
| 18:37 | Build | House |
| 18:37 | Build | House |
| 18:45 | Create | Archer |
| 18:46 | Create | Archer |
| 19:11 | Create | Archer |
| 19:11 | Create | Archer |
| 19:13 | Create | Villager (Male) |
| 19:20 | Create | Villager (Male) |
| 19:27 | Build | Mining Camp |
| 19:32 | Create | Archer |
| 19:42 | Create | Archer |
| 19:42 | Create | Villager (Male) |
| 19:47 | Build | Farm |
| 19:48 | Build | Farm |
| 20:05 | Create | Archer |
| 20:07 | Create | Villager (Male) |
| 20:17 | Build | Archery Range |
| 20:31 | Build | Lumber Camp |
| 20:44 | Create | Villager (Male) |
| 20:49 | Build | Farm |
| 21:02 | Create | Villager (Male) |
| 21:21 | Research | Castle Age |
| 21:29 | Create | Archer |
| 21:31 | Create | Villager (Male) |
| 21:33 | Build | House |
| 21:35 | Build | House |
| 21:36 | Build | House |
| 21:49 | Create | Archer |
| 21:49 | Create | Archer |
| 21:52 | Research | Gold Mining |
| 21:56 | Research | Horse Collar |
| 22:10 | Create | Archer |
| 22:19 | Create | Archer |
| 22:22 | Create | Archer |
| 22:29 | Build | House |
| 22:31 | Build | House |
Build order — chanchanvn
First 150 of 346 actions detected
| 0:00 | Create | Villager (Male) |
| 0:02 | Build | House |
| 0:04 | Build | House |
| 0:11 | Create | Villager (Male) |
| 0:12 | Create | Villager (Male) |
| 0:12 | Create | Villager (Male) |
| 1:23 | Create | Villager (Male) |
| 1:23 | Create | Villager (Male) |
| 1:48 | Build | Lumber Camp |
| 1:59 | Create | Villager (Male) |
| 2:18 | Create | Villager (Male) |
| 2:50 | Create | Villager (Male) |
| 2:51 | Create | Villager (Male) |
| 3:02 | Create | Villager (Male) |
| 3:02 | Create | Villager (Male) |
| 3:46 | Create | Villager (Male) |
| 3:46 | Create | Villager (Male) |
| 3:46 | Create | Villager (Male) |
| 3:47 | Create | Villager (Male) |
| 3:54 | Build | House |
| 4:45 | Create | Villager (Male) |
| 4:45 | Create | Villager (Male) |
| 4:45 | Create | Villager (Male) |
| 5:04 | Build | Mining Camp |
| 5:06 | Build | Mining Camp |
| 5:55 | Research | Loom |
| 6:19 | Research | Feudal Age |
| 6:19 | Research | Feudal Age |
| 6:41 | Build | Palisade Gate |
| 6:43 | Build | Palisade Wall |
| 6:52 | Build | House |
| 7:24 | Build | Barracks |
| 7:28 | Build | Palisade Wall |
| 7:31 | Create | Villager (Male) |
| 7:44 | Build | Palisade Wall |
| 7:47 | Build | Palisade Wall |
| 8:30 | Age | Feudal Age |
| 8:35 | Build | Archery Range |
| 8:41 | Research | Double-Bit Axe |
| 8:42 | Research | Double-Bit Axe |
| 9:00 | Create | Villager (Male) |
| 9:02 | Build | House |
| 9:03 | Build | Palisade Wall |
| 9:05 | Create | Villager (Male) |
| 9:05 | Create | Villager (Male) |
| 9:16 | Create | Archer |
| 9:18 | Build | House |
| 9:19 | Build | Palisade Wall |
| 9:30 | Build | Palisade Wall |
| 9:31 | Build | Palisade Wall |
| 9:36 | Create | Archer |
| 9:39 | Build | Palisade Gate |
| 9:44 | Create | Archer |
| 10:00 | Create | Archer |
| 10:00 | Create | Archer |
| 10:05 | Create | Villager (Male) |
| 10:05 | Create | Villager (Male) |
| 10:05 | Create | Villager (Male) |
| 10:15 | Create | Archer |
| 10:27 | Create | Villager (Male) |
| 10:27 | Create | Villager (Male) |
| 10:37 | Build | House |
| 10:42 | Build | Mill |
| 10:45 | Create | Archer |
| 11:11 | Create | Villager (Male) |
| 11:14 | Build | House |
| 11:17 | Create | Archer |
| 11:38 | Create | Archer |
| 11:40 | Create | Villager (Male) |
| 11:42 | Build | Market |
| 11:48 | Build | Farm |
| 11:51 | Create | Archer |
| 11:55 | Build | Palisade Wall |
| 11:56 | Build | Palisade Wall |
| 11:59 | Create | Archer |
| 12:04 | Build | Farm |
| 12:27 | Build | House |
| 12:54 | Create | Villager (Male) |
| 12:57 | Build | Farm |
| 12:59 | Build | Blacksmith |
| 13:01 | Build | Palisade Wall |
| 13:02 | Create | Villager (Male) |
| 13:03 | Create | Villager (Male) |
| 13:06 | Build | Palisade Wall |
| 13:09 | Create | Villager (Male) |
| 13:09 | Create | Villager (Male) |
| 13:10 | Create | Villager (Male) |
| 13:13 | Create | Archer |
| 13:16 | Build | Farm |
| 13:31 | Create | Archer |
| 13:40 | Build | Palisade Wall |
| 13:40 | Create | Villager (Male) |
| 13:42 | Build | Palisade Wall |
| 13:43 | Build | Palisade Wall |
| 13:49 | Research | Fletching |
| 14:00 | Create | Archer |
| 14:00 | Create | Archer |
| 14:01 | Create | Villager (Male) |
| 14:04 | Create | Villager (Male) |
| 14:14 | Create | Villager (Male) |
| 14:17 | Build | Palisade Gate |
| 14:26 | Create | Archer |
| 14:28 | Create | Villager (Male) |
| 14:30 | Create | Villager (Male) |
| 14:36 | Research | Padded Archer Armor |
| 14:36 | Research | Padded Archer Armor |
| 14:42 | Create | Archer |
| 14:49 | Create | Skirmisher |
| 14:54 | Create | Villager (Male) |
| 14:57 | Build | Farm |
| 15:08 | Create | Skirmisher |
| 15:22 | Create | Villager (Male) |
| 15:23 | Create | Skirmisher |
| 15:24 | Create | Villager (Male) |
| 15:34 | Build | Archery Range |
| 15:36 | Create | Villager (Male) |
| 15:43 | Create | Skirmisher |
| 15:47 | Build | House |
| 15:50 | Build | Palisade Wall |
| 15:53 | Build | Palisade Wall |
| 15:56 | Create | Villager (Male) |
| 15:58 | Create | Archer |
| 16:17 | Build | Farm |
| 16:24 | Create | Villager (Male) |
| 16:34 | Create | Archer |
| 16:51 | Build | House |
| 17:06 | Create | Villager (Male) |
| 17:07 | Build | Farm |
| 17:08 | Create | Archer |
| 17:08 | Create | Archer |
| 17:18 | Create | Archer |
| 17:54 | Create | Villager (Male) |
| 17:56 | Build | Farm |
| 17:57 | Create | Archer |
| 17:57 | Create | Archer |
| 18:30 | Create | Archer |
| 18:31 | Research | Castle Age |
| 18:31 | Research | Castle Age |
| 18:35 | Build | House |
| 18:39 | Create | Skirmisher |
| 18:39 | Create | Skirmisher |
| 19:06 | Create | Archer |
| 19:14 | Create | Archer |
| 19:17 | Create | Villager (Male) |
| 19:19 | Build | Archery Range |
| 19:29 | Build | House |
| 19:38 | Create | Archer |
| 19:38 | Create | Archer |
| 19:38 | Create | Archer |
| 20:00 | Create | Archer |
Match timeline
| 5:14 | [DGLOS] DyouDi · first_building Barracks |
| 6:43 | chanchanvn · wall_segment Palisade Wall x1 |
| 7:24 | chanchanvn · first_building Barracks |
| 7:28 | chanchanvn · wall_segment Palisade Wall x5 |
| 7:44 | chanchanvn · wall_segment Palisade Wall x2 |
| 7:47 | chanchanvn · wall_segment Palisade Wall x1 |
| 8:30 | chanchanvn · age_up feudal |
| 8:35 | chanchanvn · first_building Archery Range |
| 8:42 | [DGLOS] DyouDi · wall_segment Palisade Wall x5 |
| 8:44 | [DGLOS] DyouDi · wall_segment Palisade Wall x7 |
| 8:45 | [DGLOS] DyouDi · wall_segment Palisade Wall x2 |
| 9:03 | chanchanvn · wall_segment Palisade Wall x2 |
| 9:05 | [DGLOS] DyouDi · wall_segment Palisade Wall x8 |
| 9:06 | [DGLOS] DyouDi · wall_segment Palisade Wall x2 |
| 9:07 | [DGLOS] DyouDi · wall_segment Palisade Wall x10 |
| 9:19 | chanchanvn · wall_segment Palisade Wall x2 |
| 9:30 | chanchanvn · wall_segment Palisade Wall x1 |
| 9:31 | chanchanvn · wall_segment Palisade Wall x1 |
| 9:37 | [DGLOS] DyouDi · wall_segment Palisade Wall x14 |
| 9:50 | [DGLOS] DyouDi · wall_segment Palisade Wall x5 |
| 9:51 | [DGLOS] DyouDi · wall_segment Palisade Wall x2 |
| 10:24 | [DGLOS] DyouDi · wall_segment Palisade Wall x2 |
| 10:26 | [DGLOS] DyouDi · wall_segment Palisade Wall x4 |
| 11:55 | chanchanvn · wall_segment Palisade Wall x1 |
| 11:55 | [DGLOS] DyouDi · age_up feudal |
| 11:56 | chanchanvn · wall_segment Palisade Wall x2 |
| 11:58 | [DGLOS] DyouDi · first_building Archery Range |
| 13:01 | chanchanvn · wall_segment Palisade Wall x7 |
| 13:06 | chanchanvn · wall_segment Palisade Wall x6 |
| 13:40 | chanchanvn · wall_segment Palisade Wall x11 |
| 13:42 | chanchanvn · wall_segment Palisade Wall x1 |
| 13:43 | chanchanvn · wall_segment Palisade Wall x1 |
| 13:51 | chanchanvn · first_market_sell 500 stone |
| 13:52 | chanchanvn · first_market_buy 500 food |
| 15:50 | chanchanvn · wall_segment Palisade Wall x3 |
| 15:53 | chanchanvn · wall_segment Palisade Wall x1 |
| 19:28 | [DGLOS] DyouDi · first_market_sell 100 stone |
| 19:29 | [DGLOS] DyouDi · first_market_buy 100 food |
| 21:11 | chanchanvn · age_up castle |
| 22:57 | [DGLOS] DyouDi · wall_segment Palisade Wall x1 |
| 24:01 | [DGLOS] DyouDi · age_up castle |
| 27:29 | chanchanvn · first_building Siege Workshop |
| 31:00 | [DGLOS] DyouDi · first_building Siege Workshop |
| 34:58 | [DGLOS] DyouDi · resign |
[ AI ANALYSIS · 1 CREDIT ]
What really happened in this match?
Wolo.gg analyzes every decision: build order, eco, micro, common mistakes by bracket. Personalized analysis on WhatsApp or Discord in 30 seconds.
Civ guide
Celts
Perfil
Jugador #626567